[Event "ICC tourney 2552 (3 2)"]
[Site "Internet Chess Club"]
[Date "2021.05.07"]
[Round "3"]
[White "SINGEETHAM, VYASARAJ:K03-17011358"]
[Black "DUNIKOV, GLIB:K05-16572317"]
[Result "0-1"]
[ICCResult "White checkmated"]
[WhiteElo "1400"]
[BlackElo "1400"]
[Opening "QP counter-gambit (elephant gambit)"]
[ECO "C40"]
[NIC "KP.10"]
[Time "18:52:39"]
[PlyCount "122"]
[TimeControl "180+2"]

1. e4 e5 2. Nf3 d5 3. exd5 e4 4. Ng1 Nf6 5. Nc3 Bc5 6. Bb5+ Bd7 7. Bxd7+
Nbxd7 8. Nge2 O-O 9. O-O Nb6 10. d4 exd3 11. cxd3 Nbxd5 12. d4 Bd6 13. Nxd5
Nxd5 14. Re1 Qh4 15. h3 Rfe8 16. Qb3 Nb6 17. Bd2 Re7 18. Nc3 Rae8 19. Nb5
Rxe1+ 20. Rxe1 Rxe1+ 21. Bxe1 Qf4 22. g3 Qf6 23. Qe3 h6 24. Nxa7 Qf5 25.
Kg2 Qd5+ 26. f3 Qxa2 27. Nb5 Qxb2+ 28. Qd2 Qxb5 29. Qa5 Qxa5 30. Bxa5 Kf8
31. Bxb6 cxb6 32. Kf2 b5 33. Ke2 b4 34. Kd2 Ke7 35. Kc2 Ke6 36. Kb3 Kd5 37.
Kc2 Kxd4 38. Kb3 Ke3 39. f4 Kf3 40. g4 Kxf4 41. Kc4 b5+ 42. Kd5 b3 43. Kd4
b2 44. Kd5 Be5 45. Kc5 Kg3 46. Kxb5 b1=Q+ 47. Kc4 Kxh3 48. Kd5 Kxg4 49.
Kxe5 Qf5+ 50. Kd6 Qe4 51. Kd7 Qe5 52. Kc6 Qd4 53. Kb5 Qc3 54. Kb6 Qc4 55.
Kb7 Qc5 56. Ka8 Qb5 57. Ka7 Kf5 58. Ka8 Ke6 59. Ka7 Kd7 60. Ka8 Kc7 61. Ka7
Qa4# { White checkmated } 0-1

[Event "ICC tourney 2552 (3 2)"]
[Site "Internet Chess Club"]
[Date "2021.05.07"]
[Round "3"]
[White "MANIKANDAN, SIDDHARTH:K05-15223658"]
[Black "GENG, KENNETH:K05-17304601"]
[Result "0-1"]
[ICCResult "White forfeits on time"]
[WhiteElo "1400"]
[BlackElo "1400"]
[Opening "Sicilian: dragon variation"]
[ECO "B70"]
[NIC "SI.15"]
[Time "18:53:19"]
[PlyCount "46"]
[TimeControl "180+2"]

1. e4 c5 2. Nf3 d6 3. d4 cxd4 4. Nxd4 Nf6 5. Nc3 g6 6. Bb5+ Bd7 7. Bxd7+
Nbxd7 8. Be3 Bg7 9. O-O O-O 10. Qf3 Ne5 11. Qe2 h5 12. f4 Ned7 13. f5 Nc5
14. Rf3 Qd7 15. Bf2 Ng4 16. Rg3 Nxf2 17. Qxf2 h4 18. Rg4 e5 19. fxe6 fxe6
20. Qxh4 Bxd4+ 21. Kh1 Qg7 22. Qg5 Rf6 23. Rb1 Raf8 { White forfeits on
time } 0-1

[Event "ICC tourney 2552 (3 2)"]
[Site "Internet Chess Club"]
[Date "2021.05.07"]
[Round "3"]
[White "PRESSON, LULU:K01-30166313"]
[Black "NATHAN, KRISH:K06-16190973"]
[Result "0-1"]
[ICCResult "White forfeits on time"]
[WhiteElo "1400"]
[BlackElo "1400"]
[Opening "Queen's pawn: Yusupov-Rubinstein system"]
[ECO "A45"]
[NIC "QP.07"]
[Time "18:53:15"]
[PlyCount "52"]
[TimeControl "180+2"]

1. d4 Nf6 2. e3 e6 3. Nf3 Bb4+ 4. c3 Ba5 5. Bd3 d5 6. O-O Nc6 7. Re1 O-O 8.
Nbd2 b6 9. b4 Bxb4 10. cxb4 Nxb4 11. Nb3 Nxd3 12. Qxd3 a5 13. Ba3 Re8 14.
Ne5 Bb7 15. Rac1 Nd7 16. Nc6 Bxc6 17. Rxc6 e5 18. dxe5 Nxe5 19. Qb5 Qd7 20.
Rec1 Nxc6 21. Rxc6 a4 22. Nd4 Ra5 23. Qb4 h6 24. h3 Rb8 25. Rc2 Rb5 26.
Nxb5 c5 { White forfeits on time } 0-1

[Event "ICC tourney 2552 (3 2)"]
[Site "Internet Chess Club"]
[Date "2021.05.07"]
[Round "3"]
[White "WOO, ALEXANDER:K05-17096034"]
[Black "KHISHIGSUREN, ENKHBILGUUN:K01-30069838"]
[Result "1-0"]
[ICCResult "Black checkmated"]
[WhiteElo "1400"]
[BlackElo "1400"]
[Opening "Giuoco Piano: four knights variation"]
[ECO "C47"]
[NIC "KP.06"]
[Time "18:52:14"]
[PlyCount "89"]
[TimeControl "180+2"]

1. e4 e5 2. Nf3 Nc6 3. Nc3 Nf6 4. Bc4 Bc5 5. O-O O-O 6. d3 d6 7. Bg5 Bg4 8.
h3 Bh5 9. Nd5 h6 10. Bxf6 gxf6 11. c3 Bg6 12. b4 Bb6 13. a4 a6 14. a5 Ba7
15. Nh4 Kg7 16. Qg4 h5 17. Qg3 Ne7 18. Nf5+ Nxf5 19. exf5 h4 20. Qg4 c6 21.
fxg6 cxd5 22. gxf7+ Kxf7 23. Bxd5+ Ke8 24. Qg6+ Kd7 25. Qf5+ Kc7 26. Qh7+
Qd7 27. Qxd7+ Kxd7 28. Bxb7 Rab8 29. Bxa6 Rg8 30. Bc4 Rg7 31. Rfe1 f5 32.
Rad1 f4 33. b5 Rc8 34. b6 Bb8 35. d4 exd4 36. Be6+ Kd8 37. Bxc8 Kxc8 38.
Re8+ Kb7 39. Rxd4 f3 40. g4 hxg3 41. Rg4 gxf2+ 42. Kxf2 Rf7 43. Rge4 Ka8
44. R4e7 Rf6 45. Ra7# { Black checkmated } 1-0

[Event "ICC tourney 2552 (3 2)"]
[Site "Internet Chess Club"]
[Date "2021.05.07"]
[Round "3"]
[White "WANG, OLLI:K06-17042860"]
[Black "HEMISH PARIKH, VIAN:K03-17080518"]
[Result "0-1"]
[ICCResult "White forfeits on time"]
[WhiteElo "1400"]
[BlackElo "1400"]
[Opening "Scandinavian defense"]
[ECO "B01"]
[NIC "SD.03"]
[Time "18:53:19"]
[PlyCount "58"]
[TimeControl "180+2"]

1. e4 d5 2. exd5 Nf6 3. Nf3 Nxd5 4. Bc4 Nf6 5. Nc3 Bg4 6. O-O Nc6 7. d3 e6
8. Bg5 Be7 9. h3 Bh5 10. Re1 h6 11. Bxf6 Bxf6 12. Rb1 O-O 13. Ne4 Nd4 14.
g4 Bg6 15. Nxf6+ Qxf6 16. Nxd4 Qxd4 17. Qf3 c6 18. h4 f5 19. Qg2 fxg4 20.
Re3 Qf4 21. Qg3 Qxg3+ 22. fxg3 h5 23. Re4 Bxe4 24. dxe4 Rf3 25. Bxe6+ Kh8
26. Kg2 Re8 27. Bf5 Rd8 28. Rg1 Rd2+ 29. Kh1 Rff2 { White forfeits on time
} 0-1

[Event "ICC tourney 2552 (3 2)"]
[Site "Internet Chess Club"]
[Date "2021.05.07"]
[Round "3"]
[White "SHARMA, SUNEET:K05-16802074"]
[Black "LI, ALBERT:K01-30047481"]
[Result "0-1"]
[ICCResult "White forfeits on time"]
[WhiteElo "1400"]
[BlackElo "1400"]
[Opening "Four knights: Italian variation"]
[ECO "C55"]
[NIC "IG.01"]
[Time "18:53:19"]
[PlyCount "66"]
[TimeControl "180+2"]

1. e4 e5 2. Nf3 Nc6 3. Bc4 Nf6 4. Nc3 Nxe4 5. Nxe4 d5 6. Bd3 dxe4 7. Bxe4
Bd6 8. Bxc6+ bxc6 9. O-O O-O 10. Re1 Re8 11. d3 Bf5 12. Bg5 Qd7 13. Qd2 Bg4
14. Nh4 Rab8 15. b3 Bb4 16. c3 Bd6 17. h3 Be6 18. Rab1 f6 19. Be3 Bxh3 20.
gxh3 Qxh3 21. Ng2 e4 22. Bxa7 Qh2+ 23. Kf1 Ra8 24. Bd4 Qh1+ 25. Ke2 Qxg2
26. Rg1 exd3+ 27. Kxd3 Qf3+ 28. Kc2 Rxa2+ 29. Rb2 Rxb2+ 30. Kxb2 Re2 31.
Qxe2 Qxe2+ 32. Ka1 Ba3 33. c4 Qe4 { White forfeits on time } 0-1

[Event "ICC tourney 2552 (3 2)"]
[Site "Internet Chess Club"]
[Date "2021.05.07"]
[Round "3"]
[White "PETRELLA, GERARD:K06-16109800"]
[Black "ANSELM RODRIGUES, EVANDER:K03-16965636"]
[Result "1-0"]
[ICCResult "Black checkmated"]
[WhiteElo "1400"]
[BlackElo "1400"]
[Opening "Two knights defense"]
[ECO "C58"]
[NIC "KP.01"]
[Time "18:52:37"]
[PlyCount "115"]
[TimeControl "180+2"]

1. e4 e5 2. Nf3 Nc6 3. Bc4 Nf6 4. Ng5 d5 5. exd5 Na5 6. Bb5+ c6 7. dxc6
bxc6 8. Ba4 h6 9. Nf3 e4 10. Ne5 Qd5 11. b4 Nc4 12. Bxc6+ Qxc6 13. Nxc6 Bd7
14. Na5 Nxa5 15. bxa5 Bb4 16. c3 Bxa5 17. Qe2 O-O 18. Ba3 Rfe8 19. O-O a6
20. d3 exd3 21. Qxd3 Bb5 22. Qd4 Bxf1 23. Kxf1 Rad8 24. Qa4 Ng4 25. g3
Nxh2+ 26. Kg2 Ng4 27. Qxg4 Rc8 28. Bb4 Bxb4 29. cxb4 Rc1 30. Qd4 Ree1 31.
Qd8+ Kh7 32. Qd3+ g6 33. Qd7 Kg7 34. Qd4+ Kh7 35. Qd7 Kg7 36. Qd4+ Kg8 37.
Qd8+ Kh7 38. Qd7 Kg8 39. Qd8+ Kg7 40. Qd7 Rg1+ 41. Kf3 Rxb1 42. Rxb1 Rxb1
43. Qd4+ Kf8 44. Qb6 Ra1 45. Qxa6 Ke7 46. b5 Rb1 47. b6 Kd7 48. Qa7+ Kc6
49. Qa8+ Kxb6 50. Qb8+ Kc5 51. Qxb1 Kd5 52. a4 Kc5 53. a5 Kd5 54. a6 Kd6
55. a7 Kd5 56. a8=Q+ Kd6 57. Qbe4 Kc5 58. Qac6# { Black checkmated } 1-0

[Event "ICC tourney 2552 (3 2)"]
[Site "Internet Chess Club"]
[Date "2021.05.07"]
[Round "3"]
[White "A MISQUITH, CHRIS:K06-17053126"]
[Black "NULU, AVANEESH:K03-17121270"]
[Result "0-1"]
[ICCResult "White resigns"]
[WhiteElo "1400"]
[BlackElo "1400"]
[Opening "Réti opening"]
[ECO "A04"]
[NIC "QP.11"]
[Time "18:52:14"]
[PlyCount "96"]
[TimeControl "180+2"]

1. Nf3 Nc6 2. g3 d5 3. Bg2 Bg4 4. O-O Bxf3 5. Bxf3 Nf6 6. Bg2 e5 7. d3 Bc5
8. Nc3 O-O 9. Bd2 h6 10. Qc1 Qd6 11. Nb5 Qd7 12. e4 Nd4 13. Nxd4 Bxd4 14.
exd5 Nxd5 15. Be4 Nf6 16. Bg2 c6 17. c3 Bb6 18. Be3 Bxe3 19. Qxe3 Ng4 20.
Qe4 Nf6 21. Qf3 Rad8 22. Rfd1 Qc7 23. d4 exd4 24. Rxd4 Rxd4 25. cxd4 Qb6
26. Qc3 Rd8 27. Rd1 c5 28. Qxc5 Qxc5 29. dxc5 Rxd1+ 30. Bf1 Ne4 31. Kg2
Nxc5 32. b4 Nd3 33. a3 Ne1+ 34. Kg1 Nf3+ 35. Kg2 Nd2 36. h4 Rxf1 37. Kh3
Rxf2 38. Kg4 Re2 39. Kh3 Re3 40. Kg4 Rxa3 41. Kh3 Ne4 42. Kg4 Nxg3 43. Kf4
Ne2+ 44. Ke4 Ra4 45. Kd3 Nf4+ 46. Kc4 a5 47. Kb5 Rxb4+ 48. Kxa5 Re4 { White
resigns } 0-1

[Event "ICC tourney 2552 (3 2)"]
[Site "Internet Chess Club"]
[Date "2021.05.07"]
[Round "3"]
[White "LOVELADY, CARTER:K06-16846308"]
[Black "FORESTAL, LUC ANDRA:K05-16346012"]
[Result "0-1"]
[ICCResult "White checkmated"]
[WhiteElo "1243"]
[BlackElo "1400"]
[Opening "Danish gambit"]
[ECO "C21"]
[NIC "KP.04"]
[Time "18:51:45"]
[PlyCount "150"]
[TimeControl "180+2"]

1. e4 e5 2. d4 exd4 3. c3 dxc3 4. Bc4 Nc6 5. Nxc3 d6 6. Nf3 Bg4 7. h3 Bxf3
8. Qxf3 Nf6 9. Bg5 Be7 10. Bxf6 Bxf6 11. g4 O-O 12. h4 Bxc3+ 13. Qxc3 Qe8
14. f3 Qe7 15. Bd5 Qd7 16. Bxc6 Qxc6 17. Qxc6 bxc6 18. O-O-O c5 19. g5 f6
20. f4 fxg5 21. hxg5 Rxf4 22. Rde1 Rf7 23. Rhg1 a6 24. g6 hxg6 25. Rxg6 Rf6
26. Rxf6 gxf6 27. Rg1+ Kf7 28. Rh1 Re8 29. Rh7+ Kg6 30. Rxc7 Rxe4 31. Rc6
Re6 32. Rxa6 f5 33. a3 f4 34. b4 cxb4 35. axb4 Re5 36. Rxd6+ Kf5 37. Rd2 f3
38. Rf2 Kf4 39. Kd2 Rb5 40. Kc3 Ke3 41. Rf1 Ke2 42. Kc4 Kxf1 43. Kxb5 Ke2
44. Kc6 f2 45. b5 f1=Q 46. b6 Qc1+ 47. Kb7 Qc4 48. Ka7 Qa4+ 49. Kb7 Qd7+
50. Ka8 Qc6+ 51. b7 Ke3 52. Ka7 Qa4+ 53. Kb6 Qb4+ 54. Kc7 Qc5+ 55. Kb8 Qc6
56. Ka7 Qa4+ 57. Kb8 Ke4 58. Kc7 Qc4+ 59. Kd7 Qb5+ 60. Kc7 Qc5+ 61. Kd7 Qb6
62. Kc8 Qc6+ 63. Kb8 Kd5 64. Ka8 Qa4+ 65. Kb8 Qe8+ 66. Ka7 Qd7 67. Ka8 Qa4+
68. Kb8 Kc6 69. Kc8 Qg4+ 70. Kb8 Qg8+ 71. Ka7 Qa2+ 72. Kb8 Kb6 73. Kc8 Qc2+
74. Kb8 Qc7+ 75. Ka8 Qxb7# { White checkmated } 0-1

[Event "ICC tourney 2552 (3 2)"]
[Site "Internet Chess Club"]
[Date "2021.05.07"]
[Round "3"]
[White "KRISHNAN, MIHIKA:K05-16596204"]
[Black "DENG, CALEB:K01-30029985"]
[Result "1-0"]
[ICCResult "Black checkmated"]
[WhiteElo "1400"]
[BlackElo "1400"]
[Opening "Queen's pawn game, Darooha variation "]
[ECO "D02"]
[NIC "QP.06"]
[Time "18:52:21"]
[PlyCount "89"]
[TimeControl "180+2"]

1. Nf3 Nf6 2. d4 d5 3. c4 e6 4. e3 Nc6 5. Bd3 Bd7 6. O-O Be7 7. Nc3 O-O 8.
b3 Bb4 9. Bb2 Re8 10. a3 Bd6 11. Re1 a5 12. e4 dxe4 13. Nxe4 Nxe4 14. Bxe4
Be7 15. Rc1 Bf6 16. a4 Nb4 17. Bxb7 Rb8 18. Be4 Rf8 19. Ba3 c6 20. Qd2 Be7
21. Ne5 Ra8 22. Nxd7 Qxd7 23. Rcd1 f5 24. Bf3 Rad8 25. Qe3 Nc2 26. Qxe6+
Qxe6 27. Rxe6 Bxa3 28. Rxc6 Nb4 29. Re6 Bb2 30. Re5 Bxd4 31. Ree1 Bxf2+ 32.
Kxf2 Rxd1 33. Rxd1 Kf7 34. Rd7+ Kg8 35. Ra7 Nd3+ 36. Kg1 Nc1 37. Bd5+ Kh8
38. Rb7 Ra8 39. c5 Nd3 40. c6 Nc5 41. Re7 Rc8 42. c7 Na6 43. Bb7 Nxc7 44.
Bxc8 Nd5 45. Re8# { Black checkmated } 1-0

[Event "ICC tourney 2552 (3 2)"]
[Site "Internet Chess Club"]
[Date "2021.05.07"]
[Round "3"]
[White "VENKATASAI TIRUMALA, ADVAY:K06-15821575"]
[Black "CHETLAPALLI, VISHNU:K01-30144870"]
[Result "1-0"]
[ICCResult "Black forfeits on time"]
[WhiteElo "1400"]
[BlackElo "1400"]
[Opening "Giuoco Pianissimo"]
[ECO "C50"]
[NIC "IG.02"]
[Time "18:53:19"]
[PlyCount "81"]
[TimeControl "180+2"]

1. e4 e5 2. Nf3 Nc6 3. Bc4 Bc5 4. d3 d6 5. h3 Nf6 6. Bg5 b6 7. c3 a5 8. d4
exd4 9. cxd4 Bb4+ 10. Nc3 h6 11. Bh4 g5 12. Bg3 Nxe4 13. Qe2 Qe7 14. O-O
Nxc3 15. Qxe7+ Kxe7 16. bxc3 Bxc3 17. Rac1 Bxd4 18. Rfe1+ Kf8 19. Bd5 Bb2
20. Rxc6 Bb7 21. Rc2 Bxd5 22. Rxb2 Kg7 23. Rd2 Bxf3 24. gxf3 Rhd8 25. Re7
c5 26. Rxd6 Rxd6 27. Bxd6 Rd8 28. Be5+ Kf8 29. Rb7 Rd1+ 30. Kg2 Rd2 31. Bf6
Kg8 32. Rxb6 Kh7 33. Rb5 Rxa2 34. Rxc5 Ra4 35. Rc1 Rb4 36. Ra1 Rb5 37. Bc3
Rc5 38. Bxa5 Rc8 39. Bd2 Rd8 40. Be3 Re8 41. Ra7 { Black forfeits on time }
1-0

[Event "ICC tourney 2552 (3 2)"]
[Site "Internet Chess Club"]
[Date "2021.05.07"]
[Round "3"]
[White "ZHONG, EVAN:K01-30064302"]
[Black "YOU, ANDREW:K05-17094697"]
[Result "1-0"]
[ICCResult "Black checkmated"]
[WhiteElo "1400"]
[BlackElo "1400"]
[Opening "Sicilian: Smith-Morra gambit"]
[ECO "B21"]
[NIC "SI.48"]
[Time "18:52:39"]
[PlyCount "121"]
[TimeControl "180+2"]

1. e4 c5 2. d4 cxd4 3. c3 dxc3 4. Nxc3 Nc6 5. Bc4 Nf6 6. Bf4 g6 7. Nf3 Bg7
8. O-O O-O 9. Qd2 d6 10. Rad1 Bg4 11. Qe2 Bd7 12. Ng5 h6 13. Nxf7 Rxf7 14.
Nb5 Ne5 15. Bxe5 dxe5 16. Bxf7+ Kxf7 17. Qc4+ e6 18. Nd6+ Ke7 19. Qb4 Kf8
20. Nxb7+ Qe7 21. Qxe7+ Kxe7 22. Nc5 Rb8 23. Rd2 Bc6 24. f3 Rb5 25. Nb3 Rb7
26. Rfd1 Rd7 27. Rxd7+ Bxd7 28. Nc5 Ke8 29. Rd6 Ke7 30. Ra6 Bc8 31. Rxa7+
Bd7 32. Nxd7 Nxd7 33. Kf2 g5 34. Ke3 h5 35. Kd3 g4 36. Kc4 Kd8 37. Kb5 Nf8
38. Rxg7 gxf3 39. gxf3 h4 40. Rg4 h3 41. Rh4 Kd7 42. Rxh3 Ke7 43. a4 Kd7
44. a5 Kc7 45. a6 Kb8 46. Rh8 Kc7 47. Rxf8 Kd6 48. a7 Kc7 49. a8=Q Kd6 50.
Qc6+ Ke7 51. Re8+ Kf6 52. Qxe6+ Kg5 53. Rg8+ Kf4 54. Qh6+ Kxf3 55. Rg3+
Kxe4 56. Qe3+ Kd5 57. Rg5 Kd6 58. Qxe5+ Kd7 59. Rg7+ Kd8 60. Qc7+ Ke8 61.
Qe7# { Black checkmated } 1-0

[Event "ICC tourney 2552 (3 2)"]
[Site "Internet Chess Club"]
[Date "2021.05.07"]
[Round "3"]
[White "PARHAR, OJAS:K03-16452028"]
[Black "JANI, SONAM:K05-16948743"]
[Result "1-0"]
[ICCResult "Black forfeits on time"]
[WhiteElo "1400"]
[BlackElo "1400"]
[Opening "Giuoco Piano: four knights variation"]
[ECO "C47"]
[NIC "KP.06"]
[Time "18:52:39"]
[PlyCount "87"]
[TimeControl "180+2"]

1. e4 e5 2. Nf3 Nc6 3. Nc3 Nf6 4. Bc4 Bc5 5. O-O d6 6. h3 Be6 7. Bb3 Bxb3
8. axb3 Qe7 9. Nd5 Nxd5 10. exd5 Nb4 11. d3 O-O 12. Bg5 Qd7 13. Re1 Rac8
14. d4 Bb6 15. dxe5 dxe5 16. Nxe5 Qd6 17. Nc4 Qd7 18. Ne5 Qd6 19. Nc4 Qd7
20. Ne5 Qd6 21. Nc4 Qd7 22. Ne5 Qd6 23. Nc4 Qd7 24. Ne5 Qd6 25. Nc4 Qd7 26.
Ne5 Qd6 27. Nc4 Qd7 28. Ne5 Qd6 29. Nc4 Qd7 30. Be7 Rfe8 31. Bxb4 a6 32.
Ne5 Qd8 33. Qf3 h6 34. Qxf7+ Kh8 35. Ng6+ Kh7 36. Bc3 Rg8 37. Ne7 Bc5 38.
Nxg8 Qxg8 39. Qd7 Rf8 40. Kh1 Rxf2 41. Rf1 Rf8 42. Rxf8 Bxf8 43. Rf1 c5 44.
Rf7 { Black forfeits on time } 1-0

[Event "ICC tourney 2552 (3 2)"]
[Site "Internet Chess Club"]
[Date "2021.05.07"]
[Round "3"]
[White "LIU, LUCAS:K01-30018042"]
[Black "PALANIAPPAN, ABHINAV:K05-16592332"]
[Result "1-0"]
[ICCResult "Black resigns"]
[WhiteElo "1400"]
[BlackElo "1400"]
[Opening "QGD: Marshall defense"]
[ECO "D06"]
[NIC "QP.08"]
[Time "18:53:19"]
[PlyCount "91"]
[TimeControl "180+2"]

1. d4 d5 2. c4 Nf6 3. cxd5 Nxd5 4. e4 Nf6 5. Nc3 Nc6 6. Nf3 Bg4 7. h3 Bxf3
8. Qxf3 e5 9. d5 Nd4 10. Qd3 Nc6 11. dxc6 Qxd3 12. Bxd3 O-O-O 13. Be2 Bb4
14. O-O Bxc3 15. bxc3 bxc6 16. Ba6+ Kb8 17. Rb1+ Ka8 18. Bb7+ Kb8 19. Bxc6+
Kc8 20. Bb7+ Kd7 21. Rd1+ Ke7 22. Ba3+ Ke6 23. Rxd8 Rxd8 24. f3 h6 25. c4
g5 26. Bd5+ Nxd5 27. cxd5+ Kd7 28. Rb7 Ra8 29. d6 Rc8 30. Rxc7+ Rxc7 31.
dxc7 Kxc7 32. Bf8 h5 33. Bh6 f6 34. g3 Kd7 35. Kf2 Kc6 36. Bg7 a5 37. Bxf6
Kb5 38. Bxe5 Kb4 39. Bd6+ Kc4 40. e5 a4 41. e6 Kc3 42. e7 Kb2 43. e8=Q Kxa2
44. Qxa4+ Kb2 45. Qc4 Kb1 46. h4 { Black resigns } 1-0

[Event "ICC tourney 2552 (3 2)"]
[Site "Internet Chess Club"]
[Date "2021.05.07"]
[Round "3"]
[White "MANSUROV, UMAR:K01-17128190"]
[Black "WANG, YOURAN:K05-16488667"]
[Result "1-0"]
[ICCResult "Black checkmated"]
[WhiteElo "1400"]
[BlackElo "1400"]
[Opening "King's pawn opening"]
[ECO "B07"]
[NIC "VO.17"]
[Time "18:57:44"]
[PlyCount "35"]
[TimeControl "180+2"]

1. e4 d6 2. d4 Nc6 3. Nf3 e6 4. Bb5 a6 5. Ba4 b5 6. Bb3 Nf6 7. Nc3 d5 8.
exd5 exd5 9. O-O Bd6 10. Re1+ Kf8 11. Nxd5 Kg8 12. Nxf6+ Qxf6 13. Re8+ Bf8
14. Bg5 Qg6 15. Bd5 Bd7 16. Rxa8 Nb4 17. Ne5 Qxg5 18. Bxf7# { Black
checkmated } 1-0

[Event "ICC tourney 2552 (3 2)"]
[Site "Internet Chess Club"]
[Date "2021.05.07"]
[Round "3"]
[White "SAMUEL RYAN, ASHER:K03-17262978"]
[Black "MISRA, RISHAAN:K03-30153929"]
[Result "1-0"]
[ICCResult "Black forfeits on time"]
[WhiteElo "782"]
[BlackElo "1400"]
[Opening "Queen's pawn: Charlick (Englund) gambit"]
[ECO "A40"]
[NIC "QO.17"]
[Time "18:52:39"]
[PlyCount "91"]
[TimeControl "180+2"]

1. d4 e5 2. e3 exd4 3. exd4 c5 4. Qe2+ Be7 5. dxc5 Qa5+ 6. Bd2 Qc7 7. Nc3
Kd8 8. Qd1 Qe5+ 9. Be2 Bxc5 10. Nf3 Qh5 11. O-O g5 12. Bxg5+ f6 13. Be3 b6
14. Nd4 Nh6 15. Bxh5 Ng4 16. Bxg4 Rg8 17. h3 Rxg4 18. hxg4 Bxd4 19. Bxd4
Nc6 20. Qf3 Nxd4 21. Qxa8 Nxc2 22. Rac1 Nb4 23. a3 Nc6 24. Rfd1 Ne7 25. Rd2
Nc6 26. Rcd1 Ne7 27. Nb5 Nc6 28. Nxa7 Nxa7 29. Qxa7 f5 30. gxf5 h5 31. Qb8
h4 32. f6 h3 33. f7 Ke7 34. f8=Q+ Kxf8 35. gxh3 Ke8 36. Qxc8+ Ke7 37. Re2+
Kf6 38. Rd6+ Kf7 39. Qe8+ Kg7 40. Qf7+ Kxf7 41. Ree6 b5 42. Re5 b4 43. axb4
Kg8 44. Rf6 Kg7 45. Ref5 Kh8 46. Rg6 { Black forfeits on time } 1-0

[Event "ICC tourney 2552 (3 2)"]
[Site "Internet Chess Club"]
[Date "2021.05.07"]
[Round "3"]
[White "SINGHAL, MEENAKSHI:K05-16551160"]
[Black "KOLPURU, MIHIR:K01-30025021"]
[Result "1-0"]
[ICCResult "Black forfeits on time"]
[WhiteElo "1400"]
[BlackElo "1400"]
[Opening "Giuoco Piano: four knights variation"]
[ECO "C47"]
[NIC "KP.06"]
[Time "18:52:39"]
[PlyCount "89"]
[TimeControl "180+2"]

1. e4 e5 2. Nf3 Nc6 3. Nc3 Nf6 4. Bc4 Bc5 5. Kf1 Ng4 6. Qe2 O-O 7. h3 Nf6
8. d3 h6 9. Nh4 d6 10. Qf3 Be6 11. Bxe6 fxe6 12. Qg3 Nd4 13. Nd5 exd5 14.
exd5 Nxc2 15. Rb1 Nd4 16. Bxh6 Rf7 17. Nf5 Nxf5 18. Qg6 Nxh6 19. Re1 Bb4
20. Re2 Qe7 21. a3 Bc5 22. Qg3 Nxd5 23. b4 Bd4 24. Kg1 Bc3 25. Kh2 Nf5 26.
Qg4 Nh6 27. Qg3 Rf4 28. Rf1 Raf8 29. Kg1 Nf5 30. Qg6 Rf6 31. Qh5 Rh6 32.
Qh4 g5 33. Qxh6 Nxh6 34. b5 a5 35. b6 cxb6 36. Ra2 b5 37. a4 bxa4 38. Rxa4
Bb4 39. Ra2 Nc3 40. Rc2 Nf5 41. Rcc1 Ne2+ 42. Kh1 Nxc1 43. Rxc1 Bc5 44. Kg1
b6 45. Rf1 { Black forfeits on time } 1-0

[Event "ICC tourney 2552 (3 2)"]
[Site "Internet Chess Club"]
[Date "2021.05.07"]
[Round "3"]
[White "SINGH CHANDI, ISHNOOR:K06-16106643"]
[Black "OSCAR LI, JINGTU:K05-16113408"]
[Result "1-0"]
[ICCResult "Black resigns"]
[WhiteElo "1400"]
[BlackElo "1400"]
[Opening "Sicilian: Alapin's variation (2.c3)"]
[ECO "B22"]
[NIC "SI.46"]
[Time "18:52:34"]
[PlyCount "93"]
[TimeControl "180+2"]

1. e4 c5 2. c3 g6 3. d4 cxd4 4. cxd4 Bg7 5. Nf3 Nc6 6. Nc3 Qb6 7. Nd5 Qd8
8. Bc4 Nf6 9. Bg5 Nxe4 10. Bf4 d6 11. Qe2 Nf6 12. Nxf6+ Bxf6 13. Bh6 Nxd4
14. Nxd4 Bxd4 15. O-O d5 16. Bb3 Be6 17. Qd3 Bxb2 18. Rab1 Bf6 19. Rfd1 Rg8
20. Qf3 Bg7 21. Bxg7 Rxg7 22. Bxd5 Bxd5 23. Rxd5 Qc7 24. Rdb5 b6 25. Qxa8+
Kd7 26. Rd1+ Ke6 27. Qe4+ Kf6 28. Qd4+ e5 29. Qd8+ Qxd8 30. Rxd8 Ke6 31.
Ra8 f5 32. f3 Re7 33. Kf2 Kd6 34. Rd8+ Kc6 35. Rb3 Kc7 36. Rd5 Kc6 37. Rdd3
Kc5 38. Rdc3+ Kd6 39. Ke3 g5 40. g3 h5 41. Rd3+ Kc6 42. Rd8 f4+ 43. gxf4
exf4+ 44. Kf2 Rh7 45. Rg8 Kc5 46. Rxg5+ Kc4 47. Rf5 { Black resigns } 1-0

[Event "ICC tourney 2552 (3 2)"]
[Site "Internet Chess Club"]
[Date "2021.05.07"]
[Round "3"]
[White "PENG, LIONEL:K03-17121368"]
[Black "ROY, AYUSH:K05-16710940"]
[Result "1-0"]
[ICCResult "Black forfeits on time"]
[WhiteElo "1400"]
[BlackElo "1400"]
[Opening "Sicilian defense"]
[ECO "B30"]
[NIC "SI.31"]
[Time "18:53:19"]
[PlyCount "67"]
[TimeControl "180+2"]

1. e4 c5 2. Nf3 Nc6 3. Bc4 e6 4. O-O d6 5. Nc3 Nf6 6. d3 Be7 7. Bg5 h6 8.
Bh4 O-O 9. Qd2 a6 10. Rad1 b5 11. Bb3 Bb7 12. Bg3 d5 13. exd5 exd5 14. a3
d4 15. Ne4 Nxe4 16. dxe4 c4 17. Ba2 Bc5 18. c3 d3 19. b4 Ba7 20. Qf4 Bb8
21. Qg4 Bxg3 22. Qxg3 Ne7 23. Nh4 Bxe4 24. Rfe1 Bh7 25. Bb1 Nd5 26. Qe5 Re8
27. Qg3 Rxe1+ 28. Rxe1 Nxc3 29. Rc1 Nxb1 30. Rxb1 d2 31. Rd1 Bc2 32. Nf5
Bxf5 33. Qc3 Qe7 34. Qxd2 { Black forfeits on time } 1-0

[Event "ICC tourney 2552 (3 2)"]
[Site "Internet Chess Club"]
[Date "2021.05.07"]
[Round "3"]
[White "JOSHI, OM:K05-30018177"]
[Black "MUKHERJEE, SATHVIK:K03-30065329"]
[Result "0-1"]
[ICCResult "White checkmated"]
[WhiteElo "1159"]
[BlackElo "1400"]
[Opening "King's pawn game"]
[ECO "C50"]
[NIC "IG.03"]
[Time "18:52:06"]
[PlyCount "132"]
[TimeControl "180+2"]

1. e4 e5 2. Nf3 Nc6 3. Bc4 h6 4. d4 exd4 5. Nxd4 Nxd4 6. Qxd4 d6 7. f4 Qe7
8. O-O Nf6 9. Nc3 Be6 10. Bb3 Bxb3 11. axb3 Qd7 12. Rxa7 Rxa7 13. Qxa7 b6
14. Qb8+ Ke7 15. Re1 Qd8 16. Nd5+ Nxd5 17. exd5+ Kd7 18. Qxd8+ Kxd8 19. c4
Be7 20. Bd2 Bf6 21. Bc3 Bxc3 22. bxc3 Kd7 23. Kf2 Ra8 24. b4 Ra3 25. Re3
Ra2+ 26. Kf3 Ra8 27. g3 Ra2 28. h4 Ra8 29. Ke4 Re8+ 30. Kd3 Ra8 31. Re2 Rf8
32. Kd4 g6 33. c5 b5 34. cxd6 Kxd6 35. Re5 Ra8 36. Re3 Rf8 37. c4 bxc4 38.
Kxc4 Rc8 39. Kd4 c5+ 40. dxc6 Rxc6 41. Re5 Rb6 42. Rd5+ Ke6 43. b5 f6 44.
Kc5 Rb8 45. b6 Rxb6 46. Kxb6 Kxd5 47. Kc7 Ke4 48. Kd6 f5 49. Ke6 Kf3 50.
Kf6 Kxg3 51. Kxg6 Kxh4 52. Kxh6 Kg4 53. Kg6 Kxf4 54. Kh5 Ke4 55. Kh4 Ke3
56. Kh3 f4 57. Kg2 Ke2 58. Kg1 f3 59. Kh2 f2 60. Kg2 f1=Q+ 61. Kg3 Qf5 62.
Kg2 Qf4 63. Kg1 Qf3 64. Kh2 Qg4 65. Kh1 Kf2 66. Kh2 Qg2# { White checkmated
} 0-1

[Event "ICC tourney 2552 (3 2)"]
[Site "Internet Chess Club"]
[Date "2021.05.07"]
[Round "3"]
[White "MATHEUSSEN, JACK:K03-17193974"]
[Black "S MORGAN, LAKSHMI:K05-16867525"]
[Result "1-0"]
[ICCResult "Black forfeits on time"]
[WhiteElo "1400"]
[BlackElo "1400"]
[Opening "Queen's pawn, Mason variation"]
[ECO "D00"]
[NIC "QP.08"]
[Time "18:53:18"]
[PlyCount "89"]
[TimeControl "180+2"]

1. d4 d5 2. Bf4 Bf5 3. e3 e6 4. Bd3 Bg6 5. Nf3 Bd6 6. Bg3 Nf6 7. Nc3 Nc6 8.
Nb5 a6 9. Nxd6+ cxd6 10. Qd2 Bxd3 11. Qxd3 O-O 12. O-O Ne4 13. Nd2 Nf6 14.
c4 dxc4 15. Nxc4 d5 16. Nd2 Rc8 17. Rac1 Nb4 18. Qb3 Nc6 19. Qxb7 Qd7 20.
Qxa6 Nb4 21. Qe2 Nxa2 22. Rc5 Rxc5 23. dxc5 Qc6 24. Nb3 Nb4 25. Rc1 Na6 26.
Nd4 Qb7 27. Bd6 Rc8 28. Rc3 Ne4 29. Rb3 Qa7 30. Qb5 Naxc5 31. Bxc5 Nxc5 32.
Nc6 Qc7 33. Qxc5 h6 34. Ne7+ Kh7 35. Qxc7 Rxc7 36. h3 Rxe7 37. Rc3 Rb7 38.
b3 f6 39. Kf1 Kg6 40. Ke2 Kf5 41. Kd3 Ke5 42. f4+ Kf5 43. Kd4 Rb4+ 44. Kc5
Rb8 45. b4 { Black forfeits on time } 1-0